 Dungeon Crawl Stone Soup version 0.21.1-1-g345015f (webtiles) character file.

10355 pk666 the Thaumaturge (level 11, -11/54 HPs)
             Began as a Deep Elf Wizard on Feb 11, 2018.
             Was an Elder of Vehumet.
             Mangled by a death yak (13 damage)
             ... on level 11 of the Dungeon.
             The game lasted 01:06:47 (17214 turns).

pk666 the Thaumaturge (Deep Elf Wizard)            Turns: 17214, Time: 01:06:49

Health: -11/54     AC:  5    Str:  4    XL:     11   Next: 35%
Magic:  29/38      EV: 16    Int: 31    God:    Vehumet [****..]
Gold:   481        SH:  0    Dex: 13    Spells: 18/35 levels left

rFire    . . .     SeeInvis .   n - +3 dagger
rCold    . . .     Gourm    +   (no shield)
rNeg     . . .     Faith    .   a - +0 robe
rPois    .         Spirit   .   b - +1 hat
rElec    .         Reflect  .   (no cloak)
rCorr    .         Harm     .   f - +0 pair of gloves
MR       +....                  A - +0 pair of boots
Stlth    ++........             o - amulet of the gourmand
HPRegen  0.18/turn              C - ring of magical power
MPRegen  0.26/turn              u - +4 ring of intelligence

@: no status effects
A: no striking features
a: Renounce Religion


You were on level 11 of the Dungeon.
You worshipped Vehumet.
Vehumet was greatly pleased with you.
You were completely stuffed.

You visited 2 branches of the dungeon, and saw 12 of its levels.

You collected 481 gold pieces.

Inventory:

Hand Weapons
 n - a +3 dagger (weapon)
Missiles
 r - 7 javelins of returning (quivered)
 N - 2 tomahawks of dispersal
Armour
 a - a +0 robe (worn)
 b - a +1 hat (worn)
 f - a +0 pair of gloves (worn)
 A - a +0 pair of boots (worn)
Jewellery
 h - an uncursed ring of resist corrosion
 o - an amulet of the gourmand (around neck)
 p - an uncursed ring of poison resistance
 u - a +4 ring of intelligence (right hand)
 w - an uncursed ring of see invisible
 x - an uncursed ring of fire
 C - a ring of magical power (left hand)
 H - an uncursed ring of ice
Wands
 v - a wand of random effects (34)
 y - a wand of acid (16)
 K - a wand of flame (29)
 L - a wand of digging (17)
 M - a wand of iceblast (8)
 Q - a wand of scattershot (6)
Scrolls
 e - 6 scrolls of teleportation
 i - a scroll of immolation
 l - 8 scrolls of identify
 q - a scroll of enchant armour
 B - a scroll of fog {unknown}
 E - a scroll of remove curse
 I - 2 scrolls of magic mapping {unknown}
 J - a scroll of amnesia {unknown}
 R - a scroll of enchant weapon {unknown}
Potions
 g - a potion of might
 j - 3 potions of curing
 k - a potion of lignification {unknown}
 m - a potion of heal wounds {unknown}
 s - 3 potions of berserk rage {unknown}
 t - 3 potions of degeneration {unknown}
 z - a potion of brilliance {unknown}
 F - a potion of haste
 G - a potion of mutation {unknown}
Books
 c - a book of Minor Magic

   Spells                             Type                      Level
   a - Magic Dart                     Conjuration                  1
   b - Blink                          Translocation                2
   c - Call Imp                       Summoning                    2
   d - Slow                           Hexes                        2
   e - Conjure Flame                  Conjuration/Fire             3
   f - Mephitic Cloud                 Conjuration/Poison/Air       3
 D - a book of Necromancy

   Spells                             Type                      Level
   a - Pain                           Necromancy                   1
   b - Animate Skeleton               Necromancy                   1
   c - Vampiric Draining              Necromancy                   3
   d - Regeneration                   Charms/Necromancy            3
   e - Animate Dead                   Necromancy                   4
   f - Borgnjor's Vile Clutch         Necromancy/Earth             5
 O - a book of Changes

   Spells                             Type                      Level
   a - Beastly Appendage              Transmutation                1
   b - Sticks to Snakes               Transmutation                2
   c - Spider Form                    Transmutation/Poison         3
   d - Ice Form                       Ice/Transmutation            4
   e - Blade Hands                    Transmutation                5
Comestibles
 d - 34 rations
 P - 3 chunks of flesh


   Skills:
 + Level 7.7 Dodging
 - Level 2.4 Stealth
 + Level 12.7 Spellcasting
 + Level 10.3 Conjurations
   Level 1.1 Summonings
 - Level 7.0 Necromancy
 - Level 3.0 Translocations
 + Level 8.4 Fire Magic
 - Level 1.1 Air Magic
 - Level 2.1 Poison Magic


You had 18 spell levels left.
You knew the following spells:

 Your Spells              Type           Power        Failure   Level  Hunger
a - Magic Dart            Conj           ####         1%          1    None
b - Blink                 Tloc           N/A          1%          2    None
c - Flame Tongue          Conj/Fire      #####        1%          1    None
d - Conjure Flame         Conj/Fire      ######..     1%          3    None
e - Regeneration          Chrm/Necr      #####.....   1%          3    None
f - Animate Dead          Necr           N/A          1%          4    None
z - Mephitic Cloud        Conj/Pois/Air  #####...     1%          3    None


Dungeon Overview and Level Annotations

Branches:
Dungeon (11/15)            Temple (1/1) D:5             Orc (0/2) D:10
   Lair: D:8-11

Altars:
Ashenzari
Cheibriados
Dithmenos
Elyvilon
Fedhas
Gozag
Hepliaklqana
Kikubaaqudgha
Makhleb
Nemelex Xobeh
Okawaru
Qazlal
Ru
Sif Muna
Trog
Uskayaw
Vehumet
Wu Jian
Xom
Yredelemnul
Zin
The Shining One

Shops:
D:5 %   D:8 =


Message History

The orc seems to speed up.
Something barely misses you. Something hits you.
The death yak is engulfed in blazing flames.
Something hits you! Something hits you. Something hits you. x2
* * * LOW HITPOINT WARNING * * *
Casting: Conjure Flame
Confirm with . or Enter, or press ? or * to list all spells.
You blink.
Something hits you!
* * * LOW HITPOINT WARNING * * *
Found a whip.
Casting: Blink
Confirm with . or Enter, or press ? or * to list all spells.
You blink.
The walls and floor vibrate strangely for a moment.
Something hits you.
* * * LOW HITPOINT WARNING * * *
The death yak gores you!
You die...

.Y... ....Y.###
......#.# ...Y..o[#
. ) #.## #.. ...
#Y.###....
#..###.....#
#...§Y.####
#..###.@# # #..
#..### .# ... .
#....###.## ..#
#..#....... ....#
#.# ##..##..# #...#
#.# ##....## # #...#
#.# ###..#...# #...
#.# ######......###
#.)
#.######......#.####
#.#


You could see 3 death yaks and an orc.

Vanquished Creatures
  3 two-headed ogres
  A centaur zombie (D:10)
  Psyche (D:10)
  A kobold demonologist (D:11)
  A queen bee (D:9)
  A hornet (D:10)
  A hippogriff (D:10)
  4 hungry ghosts
  Edmund (D:4)
  Duvessa (D:7)
  8 orc warriors
  A hornet zombie (D:5)
  3 sky beasts
  2 phantoms
  3 ice beasts
  5 ogres
  A necrophage (D:10)
  3 centaurs
  8 big kobolds
  A gnoll sergeant (D:9)
  3 bullfrogs
  2 scorpions
  Dowan (D:7)
  18 killer bees (D:9)
  4 wights (D:8)
  4 howler monkeys
  5 crimson imps
  2 bullfrog skeletons
  3 hounds
  8 orc wizards
  2 quasits (D:10)
  10 orc priests
  2 jellies
  Jessica (D:2)
  Terence (D:2)
  2 iguanas
  3 worker ants
  A killer bee zombie (D:10)
  2 hound zombies
  2 hound skeletons
  2 worker ant zombies
  9 gnolls
  12 adders
  2 shadow imps (D:5)
  2 adder skeletons
  2 adder zombies
  3 worms (D:2)
  4 leopard geckos
  64 orcs
  10 bats
  3 giant cockroaches
  5 goblins
  5 hobgoblins
  9 jackals
  7 quokkas
  3 ball pythons
  11 frilled lizards
  31 kobolds
  A quokka skeleton (D:8)
  8 rats
319 creatures vanquished.

Vanquished Creatures (collateral kills)
  A kobold demonologist (D:11)
  A hippogriff (D:8)
  6 killer bees (D:9)
8 creatures vanquished.

Vanquished Creatures (others)
  An orc warrior (D:11)
1 creature vanquished.

Grand Total: 328 creatures vanquished

Notes
Turn   | Place    | Note
-------+----------+-------------------------------------------
     0 | D:1      | pk666 the Deep Elf Wizard began the quest for the Orb.
     0 | D:1      | Reached XP level 1. HP: 10/10 MP: 7/7
   250 | D:1      | Reached XP level 2. HP: 15/15 MP: 6/9
   699 | D:2      | Found a bloodstained altar of Trog.
   704 | D:2      | Noticed Terence
   828 | D:2      | Found an opulent altar of Gozag.
   942 | D:2      | Reached skill level 5 in Spellcasting
   975 | D:2      | Reached XP level 3. HP: 19/19 MP: 0/11
  1422 | D:2      | Killed Terence
  1422 | D:2      | Reached XP level 4. HP: 8/24 MP: 0/13
  1482 | D:2      | Noticed Jessica
  1486 | D:2      | Killed Jessica
  1499 | D:2      | Learned a level 2 spell: Blink
  1503 | D:2      | Learned a level 3 spell: Mephitic Cloud
  1507 | D:2      | Learned a level 3 spell: Conjure Flame
  1981 | D:2      | Reached skill level 6 in Spellcasting
  2036 | D:2      | Reached XP level 5. HP: 28/28 MP: 8/15
  2913 | D:3      | Reached skill level 1 in Poison Magic
  3547 | D:3      | Reached skill level 1 in Air Magic
  4104 | D:4      | Found a deep blue altar of Sif Muna.
  4133 | D:4      | Noticed a phantom
  4144 | D:4      | Killed a phantom
  4144 | D:4      | Reached skill level 1 in Fire Magic
  4144 | D:4      | Reached XP level 6. HP: 23/32 MP: 5/17
  4237 | D:4      | Noticed Edmund
  4515 | D:4      | Killed Edmund
  4515 | D:4      | Reached skill level 7 in Spellcasting
  4779 | D:4      | Reached XP level 7. HP: 36/36 MP: 15/19
  5613 | D:5      | Entered Level 5 of the Dungeon
  5620 | D:5      | Found a shimmering altar of Xom.
  5730 | D:5      | Reached skill level 5 in Conjurations
  6228 | D:5      | Found Icisuokhlyf's Food Boutique.
  6365 | D:5      | Found a stormy altar of Qazlal.
  6711 | D:5      | Reached skill level 8 in Spellcasting
  6888 | D:5      | Found a staircase to the Ecumenical Temple.
  7076 | D:5      | Reached XP level 8. HP: 41/41 MP: 13/22
  7207 | Temple   | Entered the Ecumenical Temple
  7268 | Temple   | Became a worshipper of Vehumet
  7616 | D:5      | Reached skill level 5 in Dodging
  7952 | D:6      | Reached skill level 9 in Spellcasting
  8179 | D:6      | Found a bloodstained altar of Trog.
  9719 | D:7      | Found a shattered altar of Ashenzari.
  9727 | D:7      | Reached * piety under Vehumet
  9727 | D:7      | Offered knowledge of Flame Tongue by Vehumet.
  9730 | D:7      | Learned a level 1 spell: Flame Tongue
  9758 | D:7      | Reached skill level 10 in Spellcasting
  9758 | D:7      | Reached XP level 9. HP: 45/45 MP: 11/25
 10089 | D:7      | Learned a level 3 spell: Regeneration
 10094 | D:7      | Learned a level 4 spell: Animate Dead
 10219 | D:7      | Reached skill level 1 in Necromancy
 10614 | D:7      | Reached skill level 5 in Fire Magic
 10704 | D:7      | Noticed Duvessa
 10709 | D:7      | Noticed Dowan
 10717 | D:7      | Killed Dowan
 10726 | D:7      | Killed Duvessa
 11238 | D:7      | Offered knowledge of Throw Frost by Vehumet.
 11367 | D:7      | Found an iron altar of Okawaru.
 11436 | D:8      | Noticed a two-headed ogre
 11444 | D:8      | Killed a two-headed ogre
 11444 | D:8      | Reached ** piety under Vehumet
 11444 | D:8      | Reached skill level 5 in Necromancy
 11535 | D:8      | Reached skill level 11 in Spellcasting
 11632 | D:8      | Reached XP level 10. HP: 50/50 MP: 27/27
 12011 | D:8      | Found a basalt altar of Yredelemnul.
 12025 | D:8      | Noticed a two-headed ogre
 12058 | D:8      | Killed a two-headed ogre
 12182 | D:8      | Found an ornate altar of the Wu Jian Council.
 12558 | D:8      | Found a snail-covered altar of Cheibriados.
 12732 | D:8      | Found Feetyze's Jewellery Shoppe.
 13016 | D:8      | Found a sacrificial altar of Ru.
 13305 | D:9      | Offered knowledge of Throw Flame by Vehumet.
 13981 | D:9      | Found a burning altar of Makhleb.
 13982 | D:9      | Found a glowing silver altar of Zin.
 13982 | D:9      | Noticed an angel
 13983 | D:9      | Noticed a blizzard demon
 14040 | D:9      | Reached *** piety under Vehumet
 14331 | D:9      | Offered knowledge of Sticky Flame by Vehumet.
 14722 | D:9      | Reached skill level 12 in Spellcasting
 14926 | D:9      | Found a sparkling altar of Nemelex Xobeh.
 15052 | D:10     | Entered Level 10 of the Dungeon
 15147 | D:10     | Noticed a two-headed ogre
 15604 | D:10     | Reached XP level 11. HP: 54/54 MP: 29/29
 15636 | D:10     | Killed a two-headed ogre
 15636 | D:10     | Reached skill level 10 in Conjurations
 15914 | D:10     | Found a staircase to the Orcish Mines.
 15987 | D:10     | Reached **** piety under Vehumet
 16087 | D:10     | Noticed Psyche
 16131 | D:10     | Killed Psyche
 16174 | D:10     | Offered knowledge of Fulminant Prism by Vehumet.
 16240 | D:10     | Paralysed by a hornet for 1 turns
 16931 | D:11     | Noticed a sun demon
 17178 | D:11     | Found a sparkling altar of Nemelex Xobeh.
 17204 | D:11     | Noticed a death yak
 17204 | D:11     | Noticed a death yak
 17214 | D:11     | HP: 2/54 [something (2)]
 17214 | D:11     | Mangled by a death yak

Skill      XL: |  1  2  3  4  5  6  7  8  9 10 11 |
---------------+----------------------------------+-----
Conjurations   | 2 3 4 5 7 8 9 10 | 10.3
Spellcasting   | 5 6 7 8 10 11 12 | 12.7
Dodging        | 3 4 5 6 7 |  7.7
Poison Magic   | 1 2 |  2.1
Air Magic      | 1 |  1.1
Fire Magic     | 1 3 4 6 7 8 |  8.4
Translocations | 3 |  3.0
Necromancy     | 5 7 |  7.0
Stealth        | |  2.4
Summonings     | |  1.1

Action                   |  1- 3 |  4- 6 |  7- 9 | 10-12 || total
-------------------------+-------+-------+-------+-------++-------
Melee: Unarmed           |     2 |       |       |       ||     2
       Dagger            |     1 |       |    31 |    29 ||    61
 Cast: Magic Dart        |    95 |   182 |   413 |   525 ||  1215
       Conjure Flame     |       |     7 |    36 |    51 ||    94
       Mephitic Cloud    |       |     3 |    41 |    42 ||    86
       Blink             |       |       |    12 |     5 ||    17
       Flame Tongue      |       |       |     7 |    12 ||    19
       Animate Dead      |       |       |     7 |     6 ||    13
       Regeneration      |       |       |     1 |     2 ||     3
  Use: Scroll            |       |     4 |     3 |     1 ||     8
       Potion            |       |       |     1 |       ||     1
 Stab: Confused          |       |       |     1 |     1 ||     2
  Eat: Chunk             |     1 |    17 |    23 |    18 ||    59
Armor: Robe              |     6 |     5 |    16 |    36 ||    63
Dodge: Dodged            |    28 |    23 |    79 |    78 ||   208
